 Dungeon Crawl Stone Soup version 0.30-a0-359-gd0147acb1a (webtiles) character file.

Game seed: 3456338789519375602

417 AeshMezareph the Magician (level 7, -3/49 HPs)
             Began as a Djinni Conjurer on Nov 12, 2022.
             Killed from afar by a white imp (22 damage)
             ... with a puff of frost
             ... on level 5 of the Dungeon.
             The game lasted 00:14:10 (3432 turns).

AeshMezareph the Magician (Djinni Conjurer)         Turns: 3432, Time: 00:14:11

Health: -3/49      AC:  4    Str:  8    XL:     7   Next: 15%
Gold:   341        EV: 13    Int: 31    God:
                   SH:  5    Dex: 11

rFire   + + .      SeeInvis .    h - +1 rapier (vamp)
rCold   x . .      Faith    .    (no shield)
rNeg    . . .      Spirit   .    j - +1 robe of the Cartwright {Int+5 Slay+2}
rPois   ∞          Reflect  +    (no helmet)
rElec   .          Harm     .    e - +0 cloak
rCorr   .          Rampage  .    (no gloves)
Will    .....                    (boots unavailable)
Stlth   ++........               f - amulet of reflection
HPRegen 0.28/turn                q - +6 ring of intelligence
MPRegen 0.00/turn                (no ring)

@: flying
A: sickness immunity, fire resistance 2, cold vulnerability 1, float, innate
caster, HP casting, extra vitality 1
a: no special abilities


You were on level 5 of the Dungeon.
You visited 1 branch of the dungeon, and saw 5 of its levels.

You collected 341 gold pieces.

Inventory:

Hand Weapons
 h - a +1 vampiric rapier (weapon)
 i - a +0 dagger
 t - a +2 dagger of speed
 v - a +0 long sword
Missiles
 m - 15 poisoned darts
Armour
 a - a +0 buckler
 e - a +0 cloak (worn)
 j - the +1 robe of the Cartwright (worn) {Int+5 Slay+2}
   (You found it on level 2 of the Dungeon)

   Int:       It affects your intelligence (+5).
   Slay:      It affects your accuracy & damage with ranged weapons and melee
   (+2).
Jewellery
 f - an amulet of reflection (around neck)
 q - a +6 ring of intelligence (left hand)
Scrolls
 b - 3 scrolls of immolation {unknown}
 g - a scroll of amnesia {unknown}
 o - 3 scrolls of teleportation {unknown}
 p - a scroll of vulnerability {unknown}
 s - a scroll of noise {unknown}
 u - a scroll of fear {unknown}
 w - a scroll of blinking {unknown}
 x - a scroll of poison {unknown}
Potions
 c - 2 potions of brilliance
 d - a potion of curing
 k - a potion of attraction
 l - 2 potions of lignification
 n - 3 potions of mutation
 r - a potion of resistance


   Skills:
 + Level 2.7 Fighting
 + Level 1.8 Short Blades
 + Level 4.0 Dodging
 - Level 1.8 Stealth
 + Level 0.4 Shields
 * Level 4.7 Spellcasting


You couldn't memorise any spells.
You knew the following spells:

 Your Spells              Type           Power      Damage    Failure   Level
a - Magic Dart            Conj           100%       1d8       1%          1
b - Searing Ray           Conj           74%        2d7       1%          2
c - Dazzling Flash        Conj/Hex       74%        N/A       2%          3
d - Fulminant Prism       Conj/Hex       18%        3d10      8%          4
e - Iskenderun's Mystic   Conj/Tloc      37%        2d9       8%          4
f - Shock                 Conj/Air       100%       1d9       1%          1
g - Static Discharge      Conj/Air       74%        2-6/arc   1%          2
h - Passwall              Tmut/Erth      30%        N/A       1%          2
Your spell library was empty.

Dungeon Overview and Level Annotations

Branches:
Dungeon (5/15)
 Temple: D:4-7

Altars:
Dithmenos

Shops:
D:2 [   D:3 (   D:4 :

Annotations:
D:1 1 runed translucent door


Innate Abilities, Weirdness & Mutations

You are immune to sickness and miasma.
You are immune to poison.
Your flesh is very heat resistant. (rF++)
You are vulnerable to cold. (rC-)
You float through the air rather than walking.
You learn spells naturally, not from books.
Your magical power is your life essence.
You have superior vitality. (+4 MHP)


Message History

The phantom is severely damaged.
The phantom hits you.
The phantom blinks!
You blink.
A white imp comes into view.
You completely miss the phantom.
The phantom is severely damaged.
The phantom hits you.
The phantom blinks!
You blink.
Casting: Searing Ray (safe; 1% risk of failure)
Confirm with . or Enter, or press ? or * to list all spells.
Aiming: Searing Ray (safe; 1% risk of failure)
Press: ? - help, Shift-Dir - straight line, f/p - phantom
Aim: a phantom (severely damaged, 73% to hit)
The searing ray misses the phantom. (Press . to maintain the ray.)
The phantom hits you.
The searing ray hits the phantom!
The phantom is almost destroyed.
The phantom barely misses you.
The searing ray hits the phantom!
You destroy the phantom!
Your Dodging skill increases to level 4!
You have reached level 7!
The power to cast Passwall wells up from within.
Spell assigned to 'h'.
A white imp is nearby!
Casting: Searing Ray (safe; 1% risk of failure)
Confirm with . or Enter, or press ? or * to list all spells.
Aiming: Magic Dart (safe; 1% risk of failure)
Press: ? - help, Shift-Dir - straight line, f - white imp
Aim: a white imp (wandering, hasn't noticed you, 100% to hit)
The magic dart hits the white imp.
The white imp is heavily wounded.
You are too injured to fight recklessly!
Unknown command.
The white imp gestures at you. The puff of frost hits you.
You feel a terrible chill! The white imp gestures at you.
The puff of frost misses you. The white imp gestures at you.
The puff of frost hits you!!
You feel a terrible chill!
You die...

#..### ##...#####
##....#.#
##.......###...
##..............
##....5.........#
##................
#..####...........
#..###@.#.........
#......#.........
###....#.........
#...####......#
###..# .....
#..###....
##........
##.......##
##........#.


You could see a white imp.

Vanquished Creatures
  2 phantoms
  A scorpion (D:4)
  A jelly (D:4)
  2 iguanas (D:3)
  5 adders
  A worm (D:4)
  2 dart slugs (D:1)
  6 endoplasms
  5 giant cockroaches
  8 goblins
  5 hobgoblins
  7 jackals
  6 quokkas
  5 ball pythons
  7 bats
  3 frilled lizards
  6 kobolds
  4 rats
76 creatures vanquished.

Notes
Turn   | Place    | Note
-------+----------+-------------------------------------------
     0 | D:1      | AeshMezareph the Djinni Conjurer began the quest for the
                  | Orb.
     0 | D:1      | AeshMezareph set off with the following spells memorised:
                  | Magic Dart, Searing Ray, Dazzling Flash, Fulminant Prism,
                  | Iskenderun's Mystic Blast.
     0 | D:1      | Reached XP level 1. HP: 15/15 MP: 0/0
     0 | D:1      | Noticed a jelly
     1 | D:1      | Found a runed translucent door.
   226 | D:1      | Reached XP level 2. HP: 20/21 MP: 0/0
   385 | D:1      | You are sucked into a shaft and drop 1 floor!
   524 | D:2      | Identified the +1 robe of the Cartwright {Int+5 Slay+2}
   560 | D:2      | Reached XP level 3. HP: 23/26 MP: 0/0
   560 | D:2      | Learned a level 1 spell: Shock
   690 | D:2      | Found Woukh's Armour Shop.
  1406 | D:1      | Reached skill level 1 in Fighting
  1911 | D:3      | Found a shadowy altar of Dithmenos.
  1968 | D:3      | Reached XP level 4. HP: 28/32 MP: 0/0
  2100 | D:3      | Found a faded altar of an unknown god.
  2291 | D:3      | Found Agotycs's Weapon Shop.
  2482 | D:3      | Reached XP level 5. HP: 12/38 MP: 0/0
  2482 | D:3      | Learned a level 2 spell: Static Discharge
  2795 | D:4      | Reached skill level 1 in Short Blades
  2795 | D:4      | Reached XP level 6. HP: 13/43 MP: 0/0
  3009 | D:4      | Found Leraduoq's Book Shoppe.
  3083 | D:4      | Noticed an ogre
  3373 | D:5      | Entered Level 5 of the Dungeon
  3408 | D:5      | Reached XP level 7. HP: 19/49 MP: 0/0
  3408 | D:5      | Learned a level 2 spell: Passwall
  3432 | D:5      | Killed from afar by a white imp

Illustrated notes

Levels and vault maps discovered:
D:1:      dpeg_arrival_caged_fury, layout_loops_corners, dreamdust_wishing_well,
          minmay_tromino_v2
D:2:      layout_basic, serial_shops, shop
D:3:      layout_basic, amcnicky_altar_gilded, serial_shops,
          nicolae_shop_bloodbath_and_beyond,
          shapermc_ecumenical_altar_starsandcircs, chequers_avenue
D:4:      layout_cave_pools, serial_shops, shop
D:5:      layout_cave_pools, elyvilon_altar_4, minmay_temple_entry_poolview,
          serial_shops, shop, kennysheep_decorative_pillar

Skill      XL: |  1  2  3  4  5  6 |
---------------+-------------------+-----
Fighting       | 1 2 |  2.7
Dodging        | 3 4 |  4.0
Spellcasting   | 4 |  4.7
Short Blades   | 1 |  1.8
Stealth        | |  1.8
Shields        | |  0.4

Action                   |  1- 3 |  4- 6 |  7- 9 || total
-------------------------+-------+-------+-------++-------
Melee: Unarmed           |     2 |       |       ||     2
       Club              |     1 |       |       ||     1
       Dagger            |       |     6 |       ||     6
       Rapier            |       |     2 |       ||     2
 Cast: Magic Dart        |    55 |    65 |     1 ||   121
       Searing Ray       |     3 |    13 |       ||    16
       Shock             |     2 |     1 |       ||     3
       Static Discharge  |       |     6 |       ||     6
  Use: Scroll            |       |     7 |       ||     7
Armor: Robe              |     5 |     1 |       ||     6
Dodge: Dodged            |    10 |    11 |     1 ||    22
Block: Other             |     2 |     5 |       ||     7
       Reflection        |       |     1 |       ||     1

Table legend: (Time is in decaauts)
 A = Elapsed time spent in this place.
 B = Non-inter-level travel time spent in this place.
 C = Inter-level travel time spent in this place.
 D = Time resting spent in this place.
 E = Time spent auto-exploring this place.
 F = Levels seen in this place.
 G = Mean time per level.
                   A        B        C        D        E       F      G
               +--------+--------+--------+--------+--------+-----+--------+
         Total |   3431 |   3246 |    185 |    359 |   2244 |   5 |  686.2 |
       Dungeon |   3431 |   3246 |    185 |    359 |   2244 |   5 |  686.2 |
               +--------+--------+--------+--------+--------+-----+--------+

Top non-repeatable levels by time:
     D:3: 1034 daAuts
     D:2: 949 daAuts
     D:1: 929 daAuts
     D:4: 458 daAuts
     D:5: 58 daAuts
